AoeStats
← [KMNB] Bandeira

Lombardia

510096598Analyzed
2v2 RM · 3d ago on Sep 29, 2026· 48m 34s· 4 players
Game mode
Random Map
Map size
Medium (4 player)
Population
200
Speed
Normal
Resources
Standard
Victory
Conquest
Starting age
Dark Age
Ending age
Imperial Age
RankedLock teamsTeams togetherTeam positionsShared explorationLock speedFull tech treeHidden civsTurbo modeCheats
Victory
Defeat
🇦🇷 Italians · Argentina
1430
+20
🇨🇳 Spanish · China
1412
+21
🇧🇷 Varangians · Brazil
1564
-22
🇧🇷 Italians · Brazil
1485
-19
aReIF
10:30 Feudal Age
15:47 Castle Age
14:07 Double-Bit Axe
14:14 Gold Mining
14:36 Horse Collar
16:44 Loom
20:00 Town Watch
23:18 Wheelbarrow
23:34 Stone Mining
25:15 Bow Saw
27:48 Fletching
28:00 Padded Archer Armor
28:45 Bodkin Arrow
32:58 Leather Archer Armor
34:02 Ballistics
37:18 Imperial Age
35:54 Hand Cart
38:43 Conscription
37:44 Elite Genoese Crossbowman
39:18 Bracer
39:49 Ring Archer Armor
40:22 Chemistry
39:29 Thumb Ring
39:50 Town Patrol
41:03 Heavy Plow
42:05 Two-Man Saw
45:29 Onager
无助小羊
7:27 Loom
10:02 Feudal Age
13:58 Castle Age
13:13 Stone Mining
16:07 Wheelbarrow
20:17 Padded Archer Armor
22:17 Husbandry
23:44 Double-Bit Axe
24:30 Leather Archer Armor
25:49 Bloodlines
33:38 Hand Cart
39:18 Imperial Age
39:25 Cavalier
40:12 Scale Barding Armor
41:36 Chain Barding Armor
43:14 Plate Barding Armor
44:14 Town Watch
45:29 Horse Collar
46:30 Forging
[KMNB] Dedão
6:22 Loom
8:59 Feudal Age
10:04 Double-Bit Axe
14:14 Fletching
18:00 Padded Archer Armor
22:35 Castle Age
20:44 Gold Mining
21:43 Stone Mining
21:35 Horse Collar
22:38 Crossbowman
23:20 Bodkin Arrow
24:19 Leather Archer Armor
25:16 Ballistics
25:50 Bow Saw
27:00 Wheelbarrow
29:44 Hand Cart
30:32 Stone Shaft Mining
30:13 Thumb Ring
30:32 Town Watch
35:51 Imperial Age
34:12 Hand Cart
36:53 Conscription
35:56 Arbalester
37:46 Chemistry
38:48 Bracer
40:43 Ring Archer Armor
40:24 Forging
41:23 Caravan
41:32 Elite Genoese Crossbowman
42:27 Bloodlines
43:50 Scale Barding Armor
44:21 Iron Casting
44:46 Husbandry
44:07 Light Cavalry
46:41 Two-Man Saw
47:15 Chain Barding Armor
46:27 Elite Skirmisher
[KMNB] Bandeira
6:55 Loom
9:19 Feudal Age
10:14 Double-Bit Axe
13:02 Horse Collar
15:42 Forging
16:47 Bloodlines
17:34 Scale Barding Armor
22:07 Castle Age
20:23 Gold Mining
22:31 Light Cavalry
23:43 Husbandry
24:50 Bow Saw
25:54 Chain Barding Armor
30:38 Iron Casting
31:21 Wheelbarrow
33:38 Heavy Plow
37:15 Imperial Age
36:06 Elite Skirmisher
38:50 Fletching
39:01 Padded Archer Armor
40:11 Ballistics
40:02 Bodkin Arrow
42:34 Chemistry
43:09 Two-Man Saw
42:53 Crop Rotation
44:09 Bracer
44:25 Leather Archer Armor
45:53 Blast Furnace
44:54 Scale Mail Armor
45:45 Plate Barding Armor
47:59 Ring Archer Armor
Connection lost

Rejoining the realm…

Still unreachable

The connection could not be restored.

Session expired

The server has moved on; the page needs a fresh start.